Map: Frozen Temple

Players

llllllllllll

  • Race: Zerg Zerg
  • League: Grandmaster

NORTHAMERICA - Winner!

  • Race: Protoss Protoss
  • League: Master

VOD

Have the link to the VOD?

Description

Time

  • Played on: Aug. 25, 2016, 2:50 a.m.
  • Length: 7:43
Show
View Real Time Build Order
Export as new Build Order

llllllllllll Zerg 

Build Orders: Hatch First 

Get SALT Encoding   

  12  0:00  Drone  
  13  0:12  Overlord  
  13  0:17  Drone  
  14  0:31  Drone x2  
  14  0:35  Drone  
  17  0:52  Hatchery  
  17  0:55  Drone  
  17  0:57  Drone  
  18  1:09  Extractor  
  17  1:13  Spawning Pool  
  17  1:15  Drone  
  17  1:22  Drone  
  18  1:39  Drone  
  19  2:04  Zergling x2  
  19  2:20  Drone  
  16  2:25  Spine Crawler  
  16  2:26  Drone  
  16  2:30  Queen  
  18  2:44  Drone  
  20  2:58  Drone x2  
  21  3:12  Roach Warren, Drone  
  21  3:20  Drone  
  22  3:30  Extractor  
  21  3:40  Drone  
  22  3:41  Overlord  
  22  3:51  Lair  
  22  3:59  Roach x3  
  28  4:10  Overlord  
  28  4:13  Drone x2  
  30  4:29  Drone x2  
  32  4:42  Ravager  
  32  4:43  Ravager  
  32  4:44  Drone, Ravager  
  32  4:45  Drone  
  37  4:47  Drone  
  37  4:49  Glial Reconstitution  
  38  5:10  Overlord  
  38  5:32  Overseer  
  38  5:34  Hatchery  
  37  5:40  Drone  
  38  5:46  Hatchery  
  37  5:53  Drone  
  37  5:54  Spore Crawler, Queen  
  33  6:07  Drone  
  31  6:15  Drone x2  
  33  6:19  Drone  
  34  6:27  Drone  
  34  6:28  Drone  
  34  6:30  Queen  
  38  6:43  Hydralisk Den  
  38  6:44  Drone  
  38  6:46  Overlord  
  38  6:47  Drone x2  
  38  6:52  Spore Crawler  
  39  7:02  Roach  
  39  7:04  Drone  
  39  7:06  Drone  
  43  7:09  Roach  
  43  7:12  Drone  
  43  7:15  Drone  
  47  7:21  Roach  
  49  7:25  Drone  
  49  7:26  Drone x2  
Show
View Real Time Build Order
Export as new Build Order

NORTHAMERICA Protoss - Winner!

Build Orders: Cannon Rush 

Get SALT Encoding   

  12  0:01  Probe (Chrono Boost)  
  13  0:12  Probe (Chrono Boost)  
  14  0:18  Pylon  
  14  0:23  Probe (Chrono Boost)  
  15  0:37  Forge  
  15  0:38  Probe (Chrono Boost)  
  16  0:49  Probe (Chrono Boost)  
  17  0:59  Probe (Chrono Boost)  
  18  1:10  Probe (Chrono Boost)  
  19  1:16  Pylon  
  19  1:18  Pylon  
  19  1:19  Pylon  
  19  1:20  Probe (Chrono Boost)  
  19  1:24  Pylon  
  20  1:35  Photon Cannon  
  20  1:39  Photon Cannon  
  20  1:47  Pylon  
  20  1:51  Pylon  
  20  1:59  Photon Cannon  
  20  2:11  Pylon  
  20  2:15  Photon Cannon  
  20  2:19  Pylon  
  20  2:31  Probe (Chrono Boost)  
  20  2:35  Nexus  
  21  2:42  Gateway  
  21  2:46  Assimilator  
  21  2:52  Assimilator  
  21  2:54  Probe (Chrono Boost)  
  22  3:05  Probe (Chrono Boost)  
  23  3:11  Pylon  
  23  3:15  Probe (Chrono Boost)  
  24  3:26  Probe (Chrono Boost)  
  25  3:32  Zealot, Cybernetics Core  
  27  3:36  Probe (Chrono Boost)  
  27  3:47  Probe (Chrono Boost)  
  28  3:54  Photon Cannon  
  28  3:57  Probe (Chrono Boost)  
  29  4:04  Probe (Chrono Boost)  
  29  4:06  Stalker  
  29  4:08  Probe (Chrono Boost)  
  29  4:09  Stargate  
  35  4:18  Mothership Core (Chrono Boost)  
  35  4:22  Gateway  
  35  4:29  Gateway  
  35  4:41  Pylon  
  35  4:46  Gateway, Warp Gate  
  35  4:51  Oracle  
  39  5:01  Probe (Chrono Boost)  
  39  5:02  Stalker  
  42  5:08  Probe (Chrono Boost)  
  42  5:11  Stalker  
  44  5:17  Photon Cannon  
  44  5:21  Stalker  
  46  5:31  Probe (Chrono Boost)  
  46  5:32  Pylon  
  46  5:34  Void Ray  
  48  5:36  Probe (Chrono Boost), Assimilator  
  53  5:44  Probe (Chrono Boost)  
  53  5:48  Probe (Chrono Boost)  
  54  5:56  Probe (Chrono Boost)  
  55  6:00  Probe (Chrono Boost)  
  56  6:08  Probe (Chrono Boost)  
  58  6:13  Probe (Chrono Boost)  
  58  6:21  Probe (Chrono Boost)  
  58  6:24  Pylon  
  58  6:25  Probe (Chrono Boost)  
  60  6:27  Pylon  
  60  6:31  Robotics Facility  
  61  6:33  Probe (Chrono Boost)  
  61  6:38  Probe (Chrono Boost)  
  62  6:41  Phoenix  
  62  6:45  Probe (Chrono Boost)  
  65  6:49  Adept x3  
  71  6:56  Probe (Chrono Boost)  
  71  6:58  Nexus  
  71  7:00  Pylon  
  72  7:06  Twilight Council  
  72  7:18  Stalker  
  72  7:19  Stalker  
Tags
 
Add a new tag
Caveats
  • Supply blocks, unpowered buildings, or Contaminate may cause inaccurate times.
  • Supply counts are checked every 10 seconds.